[ AOE2 MATCH · #463658652 ]
UnrankedBulgarians vs Byzantines
[ REPLAY ANALYSIS · EXTRACTED FROM THE RECORDED GAME ]
Feudal
11:15
Castle
22:38
Imperial
37:55
| APM avg | 23.5 |
| APM peak | 59 |
| eAPM avg | 14.8 |
| Villagers / military | 200 / 356 |
Focus
⚔️ 29.5% · 🌾 70.5%
Konnik ×256 · Spearman ×66 · Scout Cavalry ×17 · Knight ×9 · Trebuchet (Packed) ×7 · Monk ×1
Feudal
10:11
Castle
22:11
Imperial
41:16
| APM avg | 24.4 |
| APM peak | 68 |
| eAPM avg | 15.7 |
| Villagers / military | 205 / 212 |
Focus
⚔️ 31.0% · 🌾 69.0%
Spearman ×90 · Shotel Warrior ×85 · Battering Ram ×26 · Archer ×11
Feudal
11:28
Castle
19:54
Imperial
46:01
| APM avg | 19.0 |
| APM peak | 71 |
| eAPM avg | 11.1 |
| Villagers / military | 185 / 232 |
Focus
⚔️ 31.0% · 🌾 69.0%
Spearman ×174 · Trade Cart ×40 · Cataphract ×38 · Camel Scout ×19 · Monk ×1
Feudal
10:26
Castle
21:11
Imperial
39:08
| APM avg | 33.1 |
| APM peak | 84 |
| eAPM avg | 12.4 |
| Villagers / military | 150 / 148 |
Focus
⚔️ 34.1% · 🌾 65.9%
Elephant Archer ×107 · Armored Elephant ×21 · Urumi Swordsman ×16 · Fishing Ship ×10 · Bombard Cannon ×2 · Monk ×1
Feudal
12:40
Castle
41:29
Imperial
—
| APM avg | 14.8 |
| APM peak | 41 |
| eAPM avg | 9.6 |
| Villagers / military | 107 / 28 |
Focus
⚔️ 18.9% · 🌾 81.1%
Militia ×11 · Spearman ×11 · Huskarl ×6 · Fishing Ship ×5
Feudal
10:29
Castle
45:29
Imperial
—
| APM avg | 30.6 |
| APM peak | 97 |
| eAPM avg | 22.7 |
| Villagers / military | 94 / 124 |
Focus
⚔️ 35.4% · 🌾 64.6%
Magyar Huszar ×56 · Spearman ×39 · Scout Cavalry ×28 · Militia ×1
Match map
Initial resources + every placement click. Lines = walls · curves = elevation contours. ◆ gold · ⬟ stone · ● berries · ✦ relic · ◌ wall gap
Your base· Open — unwalled flank
NP Complete's base· Open — unwalled flank
RoyYang1203's base· Open — unwalled flank
luke123132112's base· Open — 4t gap
lik75930's base· Open — 8t gap
HsingYu's base· ✓ Closed at 45:29 · 87t walls · 2 gate(s)
Smoothed initial terrain · ◌ = detected wall gap · hover for details
Inputs per minute
— Kibbory - - NP Complete
Build order — Kibbory
First 150 of 461 actions detected
| 0:00 | Create | Villager (Male) |
| 0:01 | Create | Villager (Male) |
| 0:01 | Create | Villager (Male) |
| 0:03 | Build | House |
| 0:05 | Build | House |
| 0:06 | Create | Villager (Male) |
| 0:06 | Create | Villager (Male) |
| 1:26 | Create | Villager (Male) |
| 1:46 | Build | Lumber Camp |
| 2:00 | Create | Villager (Male) |
| 2:01 | Create | Villager (Male) |
| 2:19 | Create | Villager (Male) |
| 2:58 | Create | Villager (Male) |
| 2:58 | Create | Villager (Male) |
| 3:47 | Create | Villager (Male) |
| 3:47 | Create | Villager (Male) |
| 3:58 | Build | House |
| 4:15 | Create | Villager (Male) |
| 4:15 | Create | Villager (Male) |
| 4:40 | Build | House |
| 4:48 | Build | Mill |
| 4:53 | Create | Villager (Male) |
| 4:53 | Create | Villager (Male) |
| 4:53 | Create | Villager (Male) |
| 4:53 | Create | Villager (Male) |
| 5:42 | Create | Villager (Male) |
| 5:42 | Create | Villager (Male) |
| 6:17 | Create | Villager (Male) |
| 6:17 | Create | Villager (Male) |
| 6:37 | Create | Villager (Male) |
| 7:47 | Create | Villager (Male) |
| 8:19 | Create | Villager (Male) |
| 9:05 | Research | Feudal Age |
| 9:22 | Create | Villager (Male) |
| 9:29 | Build | Barracks |
| 10:10 | Build | House |
| 11:01 | Build | House |
| 11:10 | Build | House |
| 11:15 | Age | Feudal Age |
| 11:22 | Build | Stable |
| 11:42 | Create | Villager (Male) |
| 11:42 | Create | Villager (Male) |
| 11:42 | Create | Villager (Male) |
| 11:43 | Create | Villager (Male) |
| 11:51 | Build | Stable |
| 12:17 | Build | Palisade Wall |
| 12:22 | Build | Farm |
| 12:24 | Create | Villager (Male) |
| 12:24 | Create | Villager (Male) |
| 12:24 | Create | Villager (Male) |
| 12:34 | Create | Scout Cavalry ×5 |
| 13:05 | Build | Mining Camp |
| 13:45 | Build | House |
| 14:08 | Build | House |
| 14:12 | Build | Farm |
| 14:13 | Build | Farm |
| 14:17 | Research | Bloodlines |
| 14:31 | Create | Scout Cavalry ×5 |
| 14:31 | Create | Scout Cavalry ×5 |
| 14:53 | Build | Farm |
| 14:54 | Build | Farm |
| 15:04 | Build | Farm |
| 15:05 | Build | Farm |
| 15:05 | Build | Farm |
| 15:05 | Build | Farm |
| 15:24 | Build | Farm |
| 15:24 | Build | Farm |
| 15:24 | Build | Farm |
| 15:53 | Build | Farm |
| 15:53 | Build | Farm |
| 15:54 | Build | Farm |
| 15:54 | Build | Farm |
| 16:01 | Create | Villager (Male) |
| 16:02 | Create | Villager (Male) |
| 16:02 | Create | Villager (Male) |
| 16:53 | Build | Farm |
| 16:53 | Build | Farm |
| 16:54 | Build | Farm |
| 16:54 | Build | Farm |
| 17:27 | Create | Villager (Male) |
| 17:27 | Create | Villager (Male) |
| 17:29 | Build | Farm |
| 17:30 | Build | Farm |
| 17:30 | Build | Farm |
| 17:30 | Build | Farm |
| 17:30 | Build | Farm |
| 17:32 | Create | Villager (Male) |
| 17:33 | Create | Villager (Male) |
| 17:33 | Create | Villager (Male) |
| 17:33 | Create | Villager (Male) |
| 18:04 | Build | Blacksmith |
| 18:36 | Build | Farm |
| 18:36 | Build | Farm |
| 18:36 | Build | Farm |
| 19:00 | Build | Farm |
| 19:00 | Build | Farm |
| 19:00 | Build | Farm |
| 19:12 | Build | House |
| 19:12 | Build | House |
| 19:15 | Build | House |
| 19:58 | Research | Castle Age |
| 20:02 | Build | Mining Camp |
| 20:08 | Build | Palisade Wall |
| 20:17 | Research | Double-Bit Axe |
| 20:19 | Research | Horse Collar |
| 21:04 | Research | Forging |
| 21:04 | Research | Scale Barding Armor |
| 21:15 | Research | Loom |
| 21:16 | Research | Wheelbarrow |
| 21:53 | Build | Farm |
| 21:59 | Research | Bloodlines |
| 22:12 | Create | Villager (Male) ×5 |
| 22:38 | Age | Castle Age |
| 22:39 | Build | House |
| 22:41 | Build | Palisade Wall |
| 23:02 | Build | Town Center |
| 23:19 | Research | Heavy Plow |
| 23:21 | Research | Bow Saw |
| 23:36 | Research | Stone Mining |
| 23:50 | Build | Farm |
| 23:51 | Build | Farm |
| 23:51 | Build | Farm |
| 24:05 | Create | Knight ×3 |
| 24:23 | Build | Farm |
| 24:28 | Create | Villager (Male) |
| 24:28 | Create | Villager (Male) |
| 24:38 | Create | Villager (Male) |
| 24:38 | Create | Villager (Male) |
| 24:38 | Create | Villager (Male) |
| 24:38 | Create | Villager (Male) |
| 24:46 | Create | Scout Cavalry |
| 24:47 | Create | Scout Cavalry |
| 24:53 | Create | Knight |
| 25:04 | Create | Villager (Male) |
| 25:05 | Create | Villager (Male) |
| 25:05 | Create | Villager (Male) |
| 25:14 | Create | Villager (Male) |
| 25:14 | Create | Villager (Male) |
| 25:15 | Create | Villager (Male) |
| 25:16 | Create | Villager (Male) |
| 25:58 | Build | Farm |
| 26:02 | Build | Farm |
| 26:35 | Build | Farm |
| 27:00 | Build | Farm |
| 27:15 | Create | Villager (Male) |
| 27:15 | Create | Villager (Male) |
| 27:17 | Build | Farm |
| 27:18 | Build | Farm |
| 27:18 | Build | Farm |
| 27:18 | Build | Farm |
Build order — NP Complete
First 150 of 499 actions detected
| 0:01 | Create | Villager (Male) |
| 0:01 | Create | Villager (Male) |
| 0:01 | Create | Villager (Male) |
| 0:03 | Build | House |
| 0:05 | Build | House |
| 0:15 | Create | Villager (Male) |
| 1:28 | Create | Villager (Male) |
| 1:55 | Create | Villager (Male) |
| 2:10 | Create | Villager (Male) |
| 2:19 | Build | Lumber Camp |
| 2:38 | Create | Villager (Male) |
| 3:32 | Create | Villager (Male) |
| 3:44 | Build | House |
| 3:56 | Create | Villager (Male) |
| 4:14 | Build | Mill |
| 4:21 | Create | Villager (Male) |
| 4:37 | Create | Villager (Male) |
| 5:09 | Create | Villager (Male) |
| 5:33 | Create | Villager (Male) |
| 5:57 | Create | Villager (Male) |
| 6:14 | Create | Villager (Male) |
| 6:15 | Research | Loom |
| 6:42 | Create | Villager (Male) |
| 6:52 | Build | House |
| 7:27 | Create | Villager (Male) |
| 8:01 | Research | Feudal Age |
| 8:16 | Build | Mining Camp |
| 8:34 | Create | Villager (Male) |
| 8:46 | Build | Mill |
| 9:03 | Build | Barracks |
| 10:07 | Build | Palisade Wall |
| 10:11 | Age | Feudal Age |
| 10:16 | Create | Villager (Male) |
| 10:25 | Build | Archery Range |
| 10:46 | Create | Villager (Male) |
| 11:19 | Build | Blacksmith |
| 11:29 | Build | House |
| 11:30 | Create | Villager (Male) |
| 11:30 | Create | Villager (Male) |
| 11:34 | Create | Archer |
| 11:53 | Build | House |
| 11:58 | Create | Villager (Male) |
| 12:12 | Create | Villager (Male) |
| 12:18 | Create | Archer |
| 12:46 | Build | Lumber Camp |
| 12:47 | Create | Villager (Male) |
| 12:49 | Create | Villager (Male) |
| 12:51 | Create | Archer |
| 13:13 | Build | Farm |
| 13:13 | Build | Farm |
| 13:24 | Create | Villager (Male) |
| 13:28 | Create | Archer |
| 13:34 | Research | Padded Archer Armor |
| 13:34 | Research | Fletching |
| 13:46 | Build | Farm |
| 13:46 | Build | Farm |
| 14:06 | Create | Archer |
| 14:15 | Build | House |
| 14:21 | Build | House |
| 14:32 | Create | Villager (Male) |
| 14:41 | Build | Farm |
| 14:41 | Build | Farm |
| 14:42 | Build | Farm |
| 14:42 | Build | Farm |
| 14:45 | Create | Archer |
| 14:46 | Create | Archer |
| 15:12 | Create | Villager (Male) |
| 15:19 | Build | Farm |
| 15:19 | Build | Farm |
| 15:33 | Create | Villager (Male) |
| 15:41 | Build | Farm |
| 15:44 | Create | Archer |
| 16:00 | Create | Villager (Male) |
| 16:05 | Build | Farm |
| 16:05 | Build | Farm |
| 16:19 | Create | Villager (Male) |
| 16:27 | Build | House |
| 16:29 | Build | House |
| 16:49 | Build | Farm |
| 17:26 | Create | Villager (Male) |
| 17:26 | Create | Villager (Male) |
| 17:27 | Create | Villager (Male) |
| 17:27 | Create | Villager (Male) |
| 17:46 | Build | Farm |
| 17:46 | Build | Farm |
| 17:46 | Build | Farm |
| 17:48 | Create | Villager (Male) |
| 17:48 | Create | Villager (Male) |
| 18:54 | Build | Farm |
| 18:56 | Create | Villager (Male) |
| 19:03 | Build | Lumber Camp |
| 19:07 | Research | Castle Age |
| 19:12 | Create | Archer |
| 19:12 | Create | Archer |
| 19:12 | Create | Archer |
| 19:30 | Build | Farm |
| 20:34 | Build | Lumber Camp |
| 21:04 | Build | Mining Camp |
| 21:10 | Build | Farm |
| 21:11 | Build | Farm |
| 21:11 | Build | Farm |
| 21:11 | Build | Farm |
| 21:30 | Create | Villager (Male) |
| 21:55 | Research | Wheelbarrow |
| 22:11 | Age | Castle Age |
| 22:13 | Build | Town Center |
| 22:24 | Build | Town Center |
| 22:32 | Research | Double-Bit Axe |
| 22:47 | Research | Leather Archer Armor |
| 22:48 | Research | Bodkin Arrow |
| 23:13 | Create | Villager (Male) |
| 23:13 | Create | Villager (Male) |
| 23:14 | Create | Villager (Male) |
| 23:14 | Create | Villager (Male) |
| 23:30 | Research | Stone Mining |
| 23:55 | Build | University |
| 23:57 | Create | Villager (Male) |
| 23:57 | Create | Villager (Male) |
| 23:58 | Create | Villager (Male) |
| 23:58 | Create | Villager (Male) |
| 23:58 | Create | Villager (Male) |
| 24:08 | Create | Villager (Male) |
| 24:09 | Create | Villager (Male) |
| 24:09 | Create | Villager (Male) |
| 24:09 | Create | Villager (Male) |
| 24:09 | Create | Villager (Male) |
| 24:10 | Create | Villager (Male) |
| 24:44 | Build | Farm |
| 24:44 | Build | Farm |
| 24:45 | Build | Farm |
| 24:49 | Create | Villager (Male) |
| 24:49 | Create | Villager (Male) |
| 24:49 | Create | Villager (Male) |
| 25:41 | Research | Ballistics |
| 25:56 | Create | Villager (Male) |
| 25:56 | Create | Villager (Male) |
| 25:57 | Create | Villager (Male) |
| 25:57 | Create | Villager (Male) |
| 25:57 | Create | Villager (Male) |
| 25:57 | Create | Villager (Male) |
| 26:08 | Build | House |
| 26:13 | Build | House |
| 26:14 | Build | House |
| 26:14 | Build | House |
| 26:15 | Build | House |
| 26:15 | Build | House |
| 26:15 | Build | House |
| 26:15 | Build | House |
| 26:16 | Build | House |
| 26:16 | Build | House |
Build order — RoyYang1203
First 150 of 390 actions detected
| 0:01 | Create | Villager (Male) |
| 0:01 | Create | Villager (Male) |
| 0:01 | Create | Villager (Male) |
| 0:03 | Build | House |
| 0:05 | Build | House |
| 0:31 | Create | Villager (Male) |
| 1:38 | Create | Villager (Male) |
| 1:46 | Build | Lumber Camp |
| 2:17 | Create | Villager (Male) |
| 2:18 | Create | Villager (Male) |
| 2:18 | Create | Villager (Male) |
| 3:09 | Create | Villager (Male) |
| 3:09 | Create | Villager (Male) |
| 4:16 | Create | Villager (Male) |
| 4:26 | Create | Villager (Male) |
| 4:46 | Build | House |
| 4:59 | Create | Villager (Male) |
| 5:00 | Create | Villager (Male) |
| 6:39 | Create | Villager (Male) |
| 6:39 | Create | Villager (Male) |
| 7:11 | Create | Villager (Male) |
| 7:11 | Create | Villager (Male) |
| 7:12 | Create | Villager (Male) |
| 7:12 | Create | Villager (Male) |
| 7:48 | Create | Villager (Male) |
| 8:03 | Build | Mill |
| 8:11 | Build | House |
| 9:14 | Research | Feudal Age |
| 10:08 | Build | Mining Camp |
| 10:14 | Create | Villager (Male) |
| 10:14 | Create | Villager (Male) |
| 11:28 | Age | Feudal Age |
| 11:59 | Create | Villager (Male) |
| 12:01 | Research | Horse Collar |
| 12:02 | Research | Double-Bit Axe |
| 12:09 | Build | House |
| 12:12 | Create | Villager (Male) |
| 12:35 | Build | Barracks |
| 12:48 | Build | Blacksmith |
| 12:53 | Build | Farm |
| 12:53 | Build | Farm |
| 12:53 | Build | Farm |
| 12:54 | Build | Farm |
| 13:17 | Build | Market |
| 13:21 | Create | Villager (Male) |
| 13:21 | Create | Villager (Male) |
| 13:21 | Create | Villager (Male) |
| 13:40 | Build | Farm |
| 13:40 | Build | Farm |
| 13:40 | Build | Farm |
| 13:49 | Build | Farm |
| 14:02 | Build | House |
| 14:03 | Build | House |
| 14:14 | Build | Farm |
| 14:17 | Create | Villager (Male) |
| 15:28 | Create | Villager (Male) |
| 15:28 | Create | Villager (Male) |
| 15:28 | Create | Villager (Male) |
| 15:29 | Create | Villager (Male) |
| 15:41 | Build | Farm |
| 15:41 | Build | Farm |
| 15:41 | Build | Farm |
| 15:41 | Build | Farm |
| 16:07 | Build | Farm |
| 16:12 | Build | Farm |
| 16:50 | Build | Farm |
| 16:51 | Build | Farm |
| 17:04 | Build | Lumber Camp |
| 17:14 | Research | Castle Age |
| 18:22 | Research | Loom |
| 18:54 | Build | Lumber Camp |
| 19:37 | Build | Mining Camp |
| 19:54 | Age | Castle Age |
| 20:07 | Build | Town Center |
| 21:02 | Create | Villager (Male) |
| 21:02 | Create | Villager (Male) |
| 21:02 | Create | Villager (Male) |
| 21:03 | Create | Villager (Male) |
| 21:03 | Create | Villager (Male) |
| 21:13 | Build | Town Center |
| 21:50 | Create | Villager (Male) |
| 21:50 | Create | Villager (Male) |
| 21:51 | Create | Villager (Male) |
| 21:51 | Create | Villager (Male) |
| 21:52 | Create | Villager (Male) |
| 22:03 | Create | Villager (Male) |
| 23:03 | Create | Villager (Male) |
| 23:03 | Create | Villager (Male) |
| 23:03 | Create | Villager (Male) |
| 23:04 | Create | Villager (Male) |
| 23:04 | Create | Villager (Male) |
| 23:19 | Research | Bow Saw |
| 23:24 | Research | Heavy Plow |
| 23:37 | Create | Villager (Male) |
| 23:37 | Create | Villager (Male) |
| 23:38 | Create | Villager (Male) |
| 23:39 | Create | Villager (Male) |
| 23:57 | Build | House |
| 23:58 | Build | House |
| 23:59 | Build | House |
| 24:00 | Build | House |
| 24:08 | Create | Villager (Male) |
| 24:08 | Create | Villager (Male) |
| 24:09 | Create | Villager (Male) |
| 25:24 | Build | Barracks |
| 25:24 | Build | Barracks |
| 25:45 | Create | Villager (Male) |
| 25:46 | Create | Villager (Male) |
| 25:47 | Create | Villager (Male) |
| 25:47 | Create | Villager (Male) |
| 25:47 | Create | Villager (Male) |
| 25:48 | Create | Villager (Male) |
| 25:48 | Create | Villager (Male) |
| 25:49 | Create | Villager (Male) |
| 25:49 | Create | Villager (Male) |
| 25:50 | Create | Villager (Male) |
| 25:50 | Create | Villager (Male) |
| 25:51 | Create | Villager (Male) |
| 26:14 | Build | Stable |
| 26:15 | Build | Stable |
| 26:16 | Build | Stable |
| 26:20 | Research | Pikeman (upgrade) |
| 26:21 | Create | Spearman ×5 |
| 26:21 | Create | Spearman ×5 |
| 26:21 | Create | Spearman ×5 |
| 26:21 | Create | Spearman ×5 |
| 26:21 | Create | Spearman ×5 |
| 26:22 | Create | Spearman ×4 |
| 26:41 | Research | Scale Mail Armor |
| 26:42 | Research | Scale Barding Armor |
| 26:48 | Research | Forging |
| 27:49 | Build | Lumber Camp |
| 28:05 | Build | Mill |
| 28:06 | Build | Farm |
| 28:06 | Build | Farm |
| 28:07 | Build | Farm |
| 28:07 | Build | Farm |
| 28:07 | Build | Farm |
| 28:07 | Build | Farm |
| 28:08 | Build | Farm |
| 28:12 | Create | Villager (Male) |
| 28:12 | Create | Villager (Male) |
| 28:30 | Build | Farm |
| 28:30 | Build | Farm |
| 28:30 | Build | Farm |
| 28:31 | Build | Farm |
| 28:31 | Build | Farm |
| 28:31 | Build | Farm |
| 28:31 | Build | Farm |
| 28:47 | Create | Camel Scout |
Build order — luke123132112
First 150 of 439 actions detected
| 0:00 | Create | Villager (Male) |
| 0:00 | Create | Villager (Male) |
| 0:02 | Build | House |
| 0:03 | Build | House |
| 0:40 | Create | Villager (Male) |
| 0:40 | Create | Villager (Male) |
| 1:45 | Create | Villager (Male) |
| 1:47 | Create | Villager (Male) |
| 1:47 | Create | Villager (Male) |
| 2:10 | Create | Villager (Male) |
| 2:17 | Build | Lumber Camp |
| 2:47 | Create | Villager (Male) |
| 3:29 | Create | Villager (Male) |
| 3:38 | Build | House |
| 3:41 | Create | Villager (Male) |
| 4:19 | Create | Villager (Male) |
| 4:20 | Create | Villager (Male) |
| 4:23 | Build | Mill |
| 4:32 | Create | Villager (Male) |
| 5:07 | Create | Villager (Male) |
| 5:19 | Create | Villager (Male) |
| 5:34 | Build | House |
| 5:44 | Create | Villager (Male) |
| 5:45 | Create | Villager (Male) |
| 5:45 | Create | Villager (Male) |
| 5:51 | Build | House |
| 5:54 | Build | House |
| 5:56 | Create | Villager (Male) |
| 5:56 | Create | Villager (Male) |
| 6:21 | Create | Villager (Male) |
| 6:21 | Create | Villager (Male) |
| 6:50 | Build | House |
| 6:52 | Build | House |
| 6:55 | Build | House |
| 6:56 | Build | House |
| 7:38 | Research | Loom |
| 8:16 | Research | Feudal Age |
| 8:30 | Create | Villager (Male) |
| 9:20 | Build | Mining Camp |
| 9:21 | Create | Villager (Male) |
| 9:25 | Create | Villager (Male) |
| 9:51 | Build | Palisade Wall |
| 9:52 | Build | Palisade Wall |
| 9:52 | Build | Palisade Wall |
| 10:03 | Build | Palisade Wall |
| 10:07 | Create | Villager (Male) |
| 10:23 | Build | Palisade Wall |
| 10:25 | Create | Villager (Male) |
| 10:26 | Age | Feudal Age |
| 10:39 | Build | Barracks |
| 10:41 | Build | House |
| 10:45 | Create | Villager (Male) |
| 11:02 | Build | Palisade Wall |
| 11:04 | Build | Palisade Wall |
| 11:13 | Build | Palisade Wall |
| 11:14 | Create | Villager (Male) |
| 11:24 | Build | House |
| 11:30 | Build | House |
| 11:54 | Create | Villager (Male) |
| 13:09 | Build | Archery Range |
| 13:10 | Create | Villager (Male) |
| 13:23 | Build | Farm |
| 13:23 | Build | Farm |
| 13:26 | Build | Farm |
| 13:34 | Build | Farm |
| 13:34 | Build | Farm |
| 13:34 | Build | Farm |
| 13:40 | Build | Farm |
| 13:46 | Build | Farm |
| 13:47 | Build | Farm |
| 13:56 | Build | Farm |
| 14:10 | Build | Farm |
| 14:17 | Build | Farm |
| 14:21 | Build | Farm |
| 14:25 | Build | Farm |
| 14:31 | Build | Farm |
| 14:48 | Create | Villager (Male) |
| 14:49 | Create | Villager (Male) |
| 14:51 | Create | Villager (Male) |
| 15:22 | Build | Farm |
| 15:31 | Build | Mill |
| 15:33 | Build | Farm |
| 15:34 | Build | Farm |
| 15:39 | Build | Farm |
| 15:44 | Create | Villager (Male) |
| 16:06 | Create | Villager (Male) |
| 16:26 | Create | Villager (Male) |
| 16:33 | Create | Villager (Male) |
| 16:35 | Research | Horse Collar |
| 17:00 | Build | Blacksmith |
| 17:03 | Build | House |
| 17:05 | Build | House |
| 17:08 | Build | House |
| 17:20 | Create | Villager (Male) |
| 18:29 | Create | Villager (Male) |
| 18:31 | Research | Castle Age |
| 18:33 | Create | Villager (Male) |
| 18:36 | Create | Villager (Male) |
| 18:39 | Build | Mining Camp |
| 19:24 | Build | Farm |
| 19:25 | Build | Farm |
| 19:32 | Build | Mining Camp |
| 19:35 | Build | Farm |
| 19:35 | Build | Farm |
| 19:38 | Create | Villager (Male) |
| 19:45 | Research | Wheelbarrow |
| 20:17 | Research | Gold Mining |
| 20:20 | Create | Villager (Male) |
| 20:24 | Research | Double-Bit Axe |
| 20:49 | Research | Fletching |
| 21:03 | Build | Archery Range |
| 21:11 | Age | Castle Age |
| 21:13 | Create | Elephant Archer |
| 21:13 | Create | Elephant Archer |
| 21:21 | Create | Villager (Male) |
| 21:24 | Create | Villager (Male) |
| 21:31 | Build | Town Center |
| 21:43 | Create | Villager (Male) |
| 21:43 | Create | Villager (Male) |
| 21:44 | Create | Villager (Male) |
| 21:44 | Create | Villager (Male) |
| 21:54 | Create | Elephant Archer |
| 22:08 | Create | Villager (Male) |
| 22:14 | Create | Elephant Archer |
| 22:15 | Create | Elephant Archer |
| 22:15 | Create | Elephant Archer |
| 22:33 | Research | Bodkin Arrow |
| 22:36 | Research | Horse Collar |
| 22:51 | Create | Villager (Male) |
| 23:01 | Create | Villager (Male) |
| 23:01 | Create | Villager (Male) |
| 23:01 | Create | Villager (Male) |
| 23:20 | Research | Padded Archer Armor |
| 23:31 | Build | Farm |
| 23:40 | Create | Villager (Male) |
| 23:41 | Create | Villager (Male) |
| 23:42 | Create | Villager (Male) |
| 23:43 | Create | Villager (Male) |
| 24:03 | Create | Villager (Male) |
| 24:07 | Create | Villager (Male) |
| 24:38 | Research | Padded Archer Armor |
| 24:41 | Build | Farm |
| 24:59 | Build | Castle |
| 25:03 | Build | Farm |
| 25:19 | Create | Villager (Male) |
| 25:21 | Build | Farm |
| 25:23 | Build | Farm |
| 25:45 | Create | Villager (Male) |
| 25:55 | Research | Bow Saw |
| 25:58 | Create | Villager (Male) |
Build order — lik75930
First 150 of 231 actions detected
| 0:10 | Build | House |
| 0:10 | Build | House |
| 0:17 | Create | Villager (Male) ×4 |
| 1:46 | Create | Villager (Male) |
| 2:23 | Create | Villager (Male) |
| 2:23 | Create | Villager (Male) |
| 3:15 | Create | Villager (Male) |
| 3:31 | Create | Villager (Male) |
| 3:55 | Build | Lumber Camp |
| 4:14 | Create | Villager (Male) |
| 4:14 | Create | Villager (Male) |
| 4:14 | Create | Villager (Male) |
| 4:28 | Create | Villager (Male) |
| 4:44 | Create | Villager (Male) |
| 4:44 | Create | Villager (Male) |
| 5:16 | Build | House |
| 5:24 | Research | Loom |
| 5:25 | Create | Villager (Male) |
| 5:26 | Create | Villager (Male) |
| 5:31 | Create | Villager (Male) |
| 5:48 | Build | House |
| 6:28 | Build | Mill |
| 6:31 | Create | Villager (Male) ×3 |
| 7:39 | Build | Mill |
| 8:00 | Create | Villager (Male) |
| 8:00 | Create | Villager (Male) |
| 8:35 | Create | Villager (Male) ×2 |
| 8:49 | Create | Villager (Male) |
| 9:23 | Create | Villager (Male) |
| 9:24 | Create | Villager (Male) |
| 10:16 | Research | Feudal Age |
| 11:04 | Build | House |
| 11:25 | Create | Villager (Male) |
| 11:26 | Create | Villager (Male) |
| 11:46 | Build | House |
| 11:47 | Build | House |
| 11:49 | Build | House |
| 11:50 | Build | House |
| 11:58 | Create | Villager (Male) |
| 12:25 | Build | Palisade Wall |
| 12:30 | Build | Palisade Gate |
| 12:40 | Age | Feudal Age |
| 12:45 | Build | Mining Camp |
| 12:59 | Build | Barracks |
| 13:08 | Build | Palisade Wall |
| 13:14 | Build | Palisade Gate |
| 13:28 | Create | Villager (Male) |
| 13:28 | Create | Villager (Male) |
| 14:07 | Create | Spearman |
| 14:07 | Create | Spearman |
| 14:39 | Build | Lumber Camp |
| 15:05 | Create | Villager (Male) |
| 15:05 | Create | Villager (Male) |
| 15:48 | Create | Villager (Male) |
| 16:20 | Create | Spearman |
| 16:23 | Create | Villager (Male) |
| 16:30 | Create | Spearman |
| 16:37 | Create | Villager (Male) |
| 16:55 | Create | Spearman |
| 16:55 | Create | Spearman |
| 17:34 | Create | Villager (Male) |
| 17:54 | Build | Farm |
| 17:57 | Build | Farm |
| 17:58 | Build | Farm |
| 17:59 | Build | Farm |
| 18:01 | Build | Farm |
| 18:03 | Build | Farm |
| 19:04 | Build | Farm |
| 19:06 | Build | Farm |
| 21:45 | Create | Villager (Male) |
| 22:11 | Create | Villager (Male) |
| 23:52 | Create | Villager (Male) ×5 |
| 24:07 | Research | Horse Collar |
| 24:29 | Build | Farm |
| 24:36 | Build | Farm |
| 24:37 | Build | Farm |
| 25:07 | Build | Palisade Wall |
| 25:17 | Build | Farm |
| 25:43 | Build | Palisade Gate |
| 27:09 | Build | Lumber Camp |
| 28:25 | Build | Farm |
| 30:41 | Create | Villager (Male) |
| 30:54 | Create | Villager (Male) |
| 31:45 | Create | Villager (Male) |
| 32:22 | Create | Villager (Male) |
| 32:31 | Build | Farm |
| 32:38 | Build | Blacksmith |
| 32:41 | Create | Villager (Male) |
| 33:35 | Create | Villager (Male) |
| 33:59 | Create | Villager (Male) |
| 34:17 | Create | Villager (Male) |
| 34:39 | Create | Villager (Male) |
| 35:12 | Build | Lumber Camp |
| 35:44 | Create | Villager (Male) |
| 37:46 | Build | Market |
| 37:54 | Create | Villager (Male) |
| 37:54 | Create | Villager (Male) |
| 38:25 | Build | Outpost |
| 38:40 | Build | Lumber Camp |
| 38:45 | Create | Villager (Male) |
| 38:48 | Research | Castle Age |
| 39:02 | Build | Dock |
| 39:45 | Build | Dock |
| 40:03 | Research | Town Watch |
| 40:33 | Build | Palisade Wall |
| 40:37 | Build | Palisade Gate |
| 40:51 | Create | Fishing Ship |
| 40:52 | Create | Fishing Ship |
| 41:08 | Create | Villager (Male) |
| 41:08 | Create | Villager (Male) |
| 41:29 | Age | Castle Age |
| 41:50 | Build | Palisade Wall |
| 42:02 | Build | Palisade Gate |
| 42:11 | Build | Town Center |
| 42:26 | Build | Farm |
| 42:38 | Create | Villager (Male) |
| 42:39 | Create | Villager (Male) |
| 43:10 | Build | Farm |
| 43:46 | Build | Mining Camp |
| 43:52 | Create | Villager (Male) |
| 43:52 | Create | Villager (Male) |
| 43:52 | Create | Villager (Male) |
| 44:03 | Build | Outpost |
| 44:36 | Create | Villager (Male) |
| 45:02 | Build | Outpost |
| 45:21 | Create | Villager (Male) ×3 |
| 45:46 | Build | Farm |
| 45:48 | Build | Farm |
| 45:49 | Build | Farm |
| 45:50 | Build | Farm |
| 45:53 | Create | Fishing Ship |
| 46:04 | Build | Palisade Wall |
| 46:08 | Build | Palisade Gate |
| 46:16 | Build | Barracks |
| 46:19 | Create | Villager (Male) |
| 46:20 | Create | Villager (Male) |
| 46:20 | Create | Villager (Male) |
| 46:42 | Create | Villager (Male) |
| 47:05 | Build | Palisade Wall |
| 47:10 | Build | Palisade Gate |
| 47:19 | Create | Villager (Male) |
| 47:19 | Create | Villager (Male) |
| 47:19 | Create | Villager (Male) |
| 47:31 | Create | Villager (Male) |
| 48:11 | Build | Fish Trap |
| 48:12 | Build | Fish Trap |
| 48:14 | Build | Fish Trap |
| 49:41 | Build | Mining Camp |
| 50:27 | Build | Town Center |
| 51:02 | Research | Squires |
Build order — HsingYu
First 150 of 390 actions detected
| 0:01 | Create | Villager (Male) |
| 0:01 | Create | Villager (Male) |
| 0:02 | Create | Villager (Male) |
| 0:02 | Create | Villager (Male) |
| 0:02 | Create | Villager (Male) |
| 0:06 | Build | House |
| 0:09 | Build | House |
| 1:16 | Create | Villager (Male) |
| 1:49 | Build | Lumber Camp |
| 2:02 | Create | Villager (Male) |
| 2:24 | Create | Villager (Male) |
| 2:51 | Create | Villager (Male) |
| 3:08 | Create | Villager (Male) |
| 3:29 | Build | House |
| 3:42 | Create | Villager (Male) |
| 3:55 | Build | Mill |
| 4:02 | Create | Villager (Male) |
| 4:35 | Create | Villager (Male) |
| 5:12 | Create | Villager (Male) |
| 5:20 | Create | Villager (Male) |
| 5:45 | Build | House |
| 6:01 | Create | Villager (Male) |
| 6:03 | Create | Villager (Male) |
| 6:14 | Create | Villager (Male) |
| 6:19 | Create | Villager (Male) |
| 7:16 | Research | Loom |
| 8:19 | Research | Feudal Age |
| 8:32 | Build | Mining Camp |
| 8:46 | Build | Barracks |
| 8:54 | Build | House |
| 8:55 | Build | House |
| 9:09 | Build | Palisade Wall |
| 9:13 | Build | Palisade Wall |
| 9:41 | Create | Villager (Male) |
| 9:41 | Create | Villager (Male) |
| 10:00 | Create | Villager (Male) |
| 10:16 | Build | Palisade Wall |
| 10:20 | Build | Palisade Wall |
| 10:29 | Age | Feudal Age |
| 10:40 | Build | Stable |
| 11:35 | Build | House |
| 11:39 | Create | Villager (Male) |
| 11:55 | Create | Scout Cavalry |
| 11:55 | Create | Scout Cavalry |
| 11:56 | Create | Scout Cavalry |
| 11:58 | Create | Villager (Male) |
| 11:58 | Create | Villager (Male) |
| 12:16 | Build | Lumber Camp |
| 12:25 | Create | Villager (Male) |
| 12:26 | Create | Scout Cavalry |
| 12:26 | Create | Scout Cavalry |
| 12:51 | Build | Farm |
| 12:53 | Build | Farm |
| 12:57 | Build | Farm |
| 12:59 | Build | Farm |
| 13:03 | Create | Villager (Male) |
| 13:28 | Build | Palisade Wall |
| 13:33 | Build | Palisade Wall |
| 13:40 | Build | Palisade Wall |
| 13:47 | Create | Villager (Male) |
| 13:52 | Create | Villager (Male) |
| 14:03 | Build | Farm |
| 14:06 | Build | Farm |
| 14:31 | Build | Farm |
| 14:32 | Build | Farm |
| 14:35 | Create | Villager (Male) |
| 15:57 | Create | Villager (Male) |
| 15:58 | Create | Scout Cavalry |
| 15:59 | Create | Villager (Male) |
| 16:17 | Create | Scout Cavalry |
| 17:04 | Create | Villager (Male) |
| 17:04 | Create | Scout Cavalry |
| 17:04 | Create | Scout Cavalry |
| 17:11 | Build | House |
| 17:15 | Build | House |
| 17:26 | Build | Palisade Wall |
| 17:28 | Build | Palisade Wall |
| 17:30 | Build | Palisade Wall |
| 18:02 | Create | Villager (Male) |
| 18:03 | Create | Scout Cavalry |
| 18:23 | Build | Palisade Gate |
| 18:30 | Create | Villager (Male) |
| 18:31 | Create | Scout Cavalry |
| 18:42 | Build | Mill |
| 18:57 | Build | House |
| 18:58 | Build | House |
| 19:02 | Build | House |
| 19:38 | Create | Villager (Male) |
| 19:39 | Create | Scout Cavalry |
| 19:40 | Create | Villager (Male) |
| 19:47 | Build | Farm |
| 19:48 | Build | Farm |
| 19:48 | Build | Farm |
| 19:49 | Build | Farm |
| 19:50 | Build | Farm |
| 19:50 | Build | Farm |
| 19:51 | Build | Farm |
| 21:31 | Create | Villager (Male) |
| 21:31 | Create | Villager (Male) |
| 21:31 | Create | Scout Cavalry |
| 21:32 | Create | Scout Cavalry |
| 21:36 | Build | Farm |
| 21:45 | Build | Mill |
| 21:55 | Create | Scout Cavalry |
| 21:55 | Create | Villager (Male) |
| 21:55 | Create | Villager (Male) |
| 22:31 | Create | Villager (Male) |
| 22:32 | Create | Villager (Male) |
| 22:32 | Create | Scout Cavalry |
| 23:11 | Create | Villager (Male) |
| 23:11 | Create | Scout Cavalry |
| 23:12 | Create | Scout Cavalry |
| 23:21 | Build | Farm |
| 23:21 | Build | Farm |
| 23:21 | Build | Farm |
| 23:24 | Build | Farm |
| 23:24 | Build | Farm |
| 23:33 | Build | Lumber Camp |
| 23:37 | Build | House |
| 23:39 | Build | House |
| 23:55 | Build | House |
| 24:02 | Build | Farm |
| 24:05 | Create | Villager (Male) |
| 24:05 | Create | Villager (Male) |
| 24:07 | Create | Scout Cavalry |
| 24:08 | Create | Scout Cavalry |
| 24:18 | Build | Farm |
| 24:21 | Build | Farm |
| 24:22 | Build | Farm |
| 24:36 | Build | Mining Camp |
| 25:29 | Create | Villager (Male) |
| 25:30 | Create | Scout Cavalry |
| 25:33 | Create | Villager (Male) |
| 26:15 | Create | Scout Cavalry |
| 26:16 | Create | Villager (Male) |
| 26:16 | Create | Scout Cavalry |
| 26:17 | Create | Villager (Male) |
| 26:24 | Build | Farm |
| 26:24 | Build | Farm |
| 27:03 | Build | Palisade Gate |
| 27:08 | Create | Villager (Male) |
| 27:08 | Create | Villager (Male) |
| 27:10 | Create | Scout Cavalry |
| 27:11 | Create | Scout Cavalry |
| 27:11 | Create | Scout Cavalry |
| 28:46 | Create | Scout Cavalry |
| 28:46 | Create | Scout Cavalry |
| 28:48 | Create | Villager (Male) |
| 28:48 | Create | Villager (Male) |
| 30:34 | Create | Villager (Male) |
Match timeline
| 8:46 | HsingYu · first_building Barracks |
| 9:03 | NP Complete · first_building Barracks |
| 9:09 | HsingYu · wall_segment Palisade Wall x4 |
| 9:13 | HsingYu · wall_segment Palisade Wall x5 |
| 9:29 | Kibbory · first_building Barracks |
| 9:51 | luke123132112 · wall_segment Palisade Wall x13 |
| 9:52 | luke123132112 · wall_segment Palisade Wall x1 |
| 9:52 | luke123132112 · wall_segment Palisade Wall x1 |
| 10:03 | luke123132112 · wall_segment Palisade Wall x7 |
| 10:07 | NP Complete · wall_segment Palisade Wall x1 |
| 10:11 | NP Complete · age_up feudal |
| 10:16 | HsingYu · wall_segment Palisade Wall x4 |
| 10:20 | HsingYu · wall_segment Palisade Wall x15 |
| 10:23 | luke123132112 · wall_segment Palisade Wall x4 |
| 10:25 | NP Complete · first_building Archery Range |
| 10:26 | luke123132112 · age_up feudal |
| 10:29 | HsingYu · age_up feudal |
| 10:39 | luke123132112 · first_building Barracks |
| 10:40 | HsingYu · first_building Stable |
| 11:02 | luke123132112 · wall_segment Palisade Wall x7 |
| 11:04 | luke123132112 · wall_segment Palisade Wall x4 |
| 11:13 | luke123132112 · wall_segment Palisade Wall x12 |
| 11:15 | Kibbory · age_up feudal |
| 11:22 | Kibbory · first_building Stable |
| 11:28 | RoyYang1203 · age_up feudal |
| 12:17 | Kibbory · wall_segment Palisade Wall x1 |
| 12:25 | lik75930 · wall_segment Palisade Wall x9 |
| 12:35 | RoyYang1203 · first_building Barracks |
| 12:40 | lik75930 · age_up feudal |
| 12:59 | lik75930 · first_building Barracks |
| 13:08 | lik75930 · wall_segment Palisade Wall x8 |
| 13:09 | luke123132112 · first_building Archery Range |
| 13:28 | HsingYu · wall_segment Palisade Wall x18 |
| 13:33 | HsingYu · wall_segment Palisade Wall x6 |
| 13:40 | HsingYu · wall_segment Palisade Wall x18 |
| 17:26 | HsingYu · wall_segment Palisade Wall x5 |
| 17:28 | HsingYu · wall_segment Palisade Wall x10 |
| 17:30 | HsingYu · wall_segment Palisade Wall x3 |
| 19:54 | RoyYang1203 · age_up castle |
| 20:08 | Kibbory · wall_segment Palisade Wall x1 |
| 21:11 | luke123132112 · age_up castle |
| 22:11 | NP Complete · age_up castle |
| 22:38 | Kibbory · age_up castle |
| 22:41 | Kibbory · wall_segment Palisade Wall x1 |
| 24:59 | luke123132112 · first_building Castle |
| 25:07 | lik75930 · wall_segment Palisade Wall x18 |
| 26:14 | RoyYang1203 · first_building Stable |
| 28:33 | NP Complete · first_building Castle |
| 29:16 | NP Complete · wall_segment Stone Wall x10 |
| 29:18 | RoyYang1203 · first_building Castle |
| 29:22 | NP Complete · wall_segment Stone Wall x6 |
| 32:55 | Kibbory · first_building Monastery |
| 37:29 | Kibbory · first_building Castle |
| 37:55 | Kibbory · age_up imperial |
| 39:02 | lik75930 · first_building Dock |
| 39:08 | luke123132112 · age_up imperial |
| 40:02 | Kibbory · wall_segment Stone Wall x1 |
| 40:26 | luke123132112 · first_building Monastery |
| 40:33 | lik75930 · wall_segment Palisade Wall x6 |
| 41:06 | RoyYang1203 · first_building Monastery |
| 41:16 | NP Complete · age_up imperial |
| 41:29 | lik75930 · age_up castle |
| 41:50 | lik75930 · wall_segment Palisade Wall x6 |
| 42:51 | Kibbory · first_building Siege Workshop |
| 43:16 | HsingYu · first_building Archery Range |
| 45:29 | HsingYu · age_up castle |
| 46:00 | luke123132112 · first_building Siege Workshop |
| 46:01 | RoyYang1203 · age_up imperial |
| 46:04 | lik75930 · wall_segment Palisade Wall x9 |
| 46:24 | NP Complete · first_building Siege Workshop |
| 46:53 | HsingYu · first_building Castle |
| 47:05 | lik75930 · wall_segment Palisade Wall x21 |
| 50:13 | Kibbory · first_building Archery Range |
| 52:35 | lik75930 · wall_segment Palisade Wall x21 |
| 55:09 | lik75930 · first_building Castle |
| 59:59 | HsingYu · first_building Siege Workshop |
| 61:59 | luke123132112 · first_building Dock |
| 62:22 | RoyYang1203 · first_building Siege Workshop |
| 63:13 | RoyYang1203 · resign |
[ AI ANALYSIS · 1 CREDIT ]
What really happened in this match?
Wolo.gg analyzes every decision: build order, eco, micro, common mistakes by bracket. Personalized analysis on WhatsApp or Discord in 30 seconds.
Civ guide
Bulgarians
Perfil
Jugador #1365754